 Dungeon Crawl Stone Soup version 0.30-a0-1018-g25214051b3 (webtiles) character file.

Game seed: 7804260320006149041

105 DeathPants the Ducker (level 4, -13/35 HPs)
             Began as a Demonspawn Gladiator on Apr 7, 2023.
             Mangled by a wyvern (15 damage)
             ... on level 4 of the Dungeon.
             The game lasted 00:07:05 (2052 turns).

DeathPants the Ducker (Demonspawn Gladiator)        Turns: 2052, Time: 00:07:06

Health: -13/35     AC:  4    Str: 14    XL:     4   Next: 53%
Magic:  6/6        EV: 12    Int: 12    God:
Gold:   91         SH:  0    Dex: 14    Spells: 6/6 levels left

rFire   . . .      SeeInvis .    a - +0 rapier
rCold   . . .      Faith    .    (no shield)
rNeg    + . .      Spirit   .    k - +0 troll leather armour
rPois   .          Reflect  .    (helmet restricted)
rElec   .          Rampage  .    (no cloak)
rCorr   .                        (no gloves)
Will    .....                    (no boots)
Stlth   +                        (no amulet)
HPRegen 1.05/turn                m - ring of positive energy
MPRegen 0.20/turn                (no ring)

@: no status effects
A: horns 1, magic regeneration
a: no special abilities


You were on level 4 of the Dungeon.
You visited 1 branch of the dungeon, and saw 4 of its levels.

You collected 156 gold pieces.
You spent 65 gold pieces at shops.

Inventory:

Hand Weapons
 a - a +0 rapier (weapon)
Missiles
 d - a throwing net (quivered)
 e - a javelin
 f - 3 boomerangs
 i - 5 poisoned darts
Armour
 c - a +0 helmet
 k - a +0 troll leather armour (worn)
Jewellery
 m - a ring of positive energy (left hand)
Scrolls
 o - 2 scrolls of teleportation
Potions
 b - a potion of ambrosia
 g - a potion of attraction
 j - a potion of lignification
 n - a potion of brilliance
 q - 3 potions of curing
 t - 2 potions of haste {unknown}


   Skills:
 + Level 3.0 Fighting
 - Level 2.6 Short Blades
 - Level 1.7 Throwing
 + Level 1.6 Armour
 + Level 3.3 Dodging
 + Level 1.7 Spellcasting


You had 6 spell levels left.
You didn't know any spells.
Your spell library was empty.

Dungeon Overview and Level Annotations

Branches:
Dungeon (4/15)
 Temple: D:4-7

Altars:

Shops:
D:1 :   D:4 ?


Innate Abilities, Weirdness & Mutations

You have a pair of small horns on your head.
You regenerate magic rapidly.


Message History

There is an open door here.
You open the door.
Found Jelum's Magic Scroll Shoppe.
There is an open door here.
There is an entrance to Jelum's Magic Scroll Shoppe here.
h - a scroll of identify
o - 2 scrolls of teleportation (gained 1) Thank you for shopping at Jelum's Magic Scroll Shoppe!
You can access your shopping list by pressing '$'.
As you read the scroll of identify, it crumbles to dust.
g - a potion of attraction
There is a fountain of clear blue water here.
You open the door.
Found a scroll of noise.
There is an open door here.
A wyvern comes into view.
The wyvern hisses angrily.
The wyvern bites you!
Throw: 3 throwing nets
Press: ? - help, Q - select action, (/) - cycle Shift-Dir - straight line, f - wyvern
Aim: a wyvern (59% to hit)
You throw a throwing net.
The throwing net barely misses the wyvern.
The wyvern bites you!
Throw: 2 throwing nets
Press: ? - help, Q - select action, (/) - cycle Shift-Dir - straight line, f/p - wyvern
Aim: a wyvern (59% to hit)
You throw a throwing net. The throwing net hits the wyvern.
The wyvern is caught in the net!
The wyvern struggles against the net.
You hit the wyvern but do no damage.
The wyvern struggles against the net. x2
You hit the wyvern but do no damage.
The wyvern struggles against the net.
The net rips apart, and the wyvern comes free!
The wyvern closely misses you.
You closely miss the wyvern. The wyvern bites you!
* * * LOW HITPOINT WARNING * * *
You barely miss the wyvern.
You headbutt the wyvern, but do no damage.
The wyvern barely misses you. The wyvern bites you!
You die...

##########'### #.....
+...........# #.....
#...........#
#.....#####..####.##.#
..........#..####'##.#
..........#........#..
........?.#.⌠.⌠....#...
..........'..∩.....#....
(.....l@..#.⌠.⌠....#....
..........#........#....
..........#..####.##
######....#### #.#
#....# ... #....# ...
#....+ ... .....#


You could see a wyvern.

Vanquished Creatures
  Jessica (D:3)
  2 adders (D:3)
  A dart slug (D:1)
  7 endoplasms
  A giant cockroach (D:2)
  6 goblins
  4 hobgoblins
  3 jackals (D:1)
  5 kobolds
  6 quokkas
  9 ball pythons
  2 bats (D:1)
  3 frilled lizards
  4 rats
54 creatures vanquished.

Notes
Turn   | Place    | Note
-------+----------+-------------------------------------------
     0 | D:1      | DeathPants the Demonspawn Gladiator began the quest for the
                  | Orb.
     0 | D:1      | Reached XP level 1. HP: 16/16 MP: 1/1
   206 | D:1      | Gained mutation: You regenerate magic rapidly. [demonic
                  | ancestry]
   206 | D:1      | Reached XP level 2. HP: 22/22 MP: 2/2
   355 | D:1      | Found a faded altar of an unknown god.
   537 | D:1      | Found Asholora's Vocational Training.
   564 | D:1      | Reached skill level 1 in Spellcasting
   640 | D:1      | Reached skill level 1 in Armour
   686 | D:1      | Reached XP level 3. HP: 28/28 MP: 4/4
  1047 | D:3      | Noticed Jessica
  1634 | D:3      | Gained mutation: You have a pair of small horns on your
                  | head. [demonic ancestry]
  1634 | D:3      | Reached XP level 4. HP: 34/34 MP: 6/6
  1696 | D:3      | Killed Jessica
  2033 | D:4      | Found Jelum's Magic Scroll Shoppe.
  2039 | D:4      | Bought a scroll of identify for 26 gold pieces
  2039 | D:4      | Bought a scroll of teleportation for 39 gold pieces
  2044 | D:4      | Noticed a wyvern
  2051 | D:4      | HP: 1/35 [wyvern (16)]
  2052 | D:4      | Mangled by a wyvern

Illustrated notes

Levels and vault maps discovered:
D:1:      scummos_arrival_simple_fountains, layout_basic,
          ebering_ecumenical_altar_abandoned, minivault_27,
          nicolae_shop_vocational
D:2:      layout_basic
D:3:      layout_rooms, wander_ebering_terrifying_dragon_lair, uniq_jessica
D:4:      layout_gridville, serial_shops, shop_fountains, glass_columns_a,
          uniq_robin, uniq_blork_the_orc, uniq_grinder

Skill      XL: |  1  2  3  4 |
---------------+-------------+-----
Dodging        | 3 |  3.3
Spellcasting   | 1 |  1.7
Armour         | 1 |  1.6
Fighting       | 3 |  3.0
Short Blades   | |  2.6
Throwing       | |  1.7

Action                     |  1- 3 |  4- 6 || total
---------------------------+-------+-------++-------
  Melee: Rapier            |   148 |    18 ||   166
         Headbutt          |       |     5 ||     5
  Throw: Throwing net      |       |     2 ||     2
    Use: Scroll            |    10 |     3 ||    13
 Armour: Leather armour    |    23 |       ||    23
         Troll leather arm |    32 |       ||    32
  Dodge: Dodged            |   112 |    10 ||   122

Table legend: (Time is in decaauts)
 A = Elapsed time spent in this place.
 B = Non-inter-level travel time spent in this place.
 C = Inter-level travel time spent in this place.
 D = Time resting spent in this place.
 E = Time spent auto-exploring this place.
 F = Levels seen in this place.
 G = Mean time per level.
                   A        B        C        D        E       F      G
               +--------+--------+--------+--------+--------+-----+--------+
         Total |   2066 |   1976 |     90 |    139 |   1200 |   4 |  516.5 |
       Dungeon |   2066 |   1976 |     90 |    139 |   1200 |   4 |  516.5 |
               +--------+--------+--------+--------+--------+-----+--------+

Top non-repeatable levels by time:
     D:1: 753 daAuts
     D:2: 687 daAuts
     D:3: 556 daAuts
     D:4: 69 daAuts
